 Dungeon Crawl Stone Soup version 0.29.1-2-gbd0b4ee654 (webtiles) character file.

Game seed: 16596628260220762391

59 Uniporpoise the Insei (level 4, 0/37 HPs)
             Began as an Octopode Transmuter on Oct 27, 2022.
             Was a Follower of Hepliaklqana.
             Succumbed to Robin's poison
             ... on level 2 of the Dungeon.
             The game lasted 00:02:42 (1985 turns).

Uniporpoise the Insei (Octopode Transmuter)         Turns: 1985, Time: 00:02:43

Health: 0/37       AC: 22    Str:  9    XL:     4   Next: 3%
Magic:  7/7        EV:  2    Int: 17    God:    Hepliaklqana [*.....]
Gold:   61         SH:  0    Dex: 12    Spells: 3/7 levels left

rFire   . . .      SeeInvis .     - Unarmed
rCold   . . .      Faith    .   (no shield)
rNeg    . . .      Spirit   .   (helmet currently unavailable)
rPois   +          Reflect  .   f - amulet of regeneration
rElec   .          Harm     .   (no ring)
rCorr   .          Rampage  .   (no ring)
Will    .....      NoTele   +   (no ring)
Stlth   ++........              (no ring)
HPRegen 0.12/turn               (no ring)
MPRegen 0.10/turn               (no ring)
                                (no ring)
                                (no ring)

@: lethally poisoned (0 -> -3), tree-form, attractive
A: stationary, stasis, torment immunity, boosted hp, reduced essence, almost no
armour, (amphibious), 8 rings, (camouflage 1), (gelatinous body 1), (nimble
swimmer 1), (tentacles)
a: Renounce Religion, Recall Ancestor, Ancestor Identity


You were on level 2 of the Dungeon.
You worshipped Hepliaklqana.
Hepliaklqana was aware of your devotion.
You were a tree.
You visited 1 branch of the dungeon, and saw 2 of its levels.

You collected 61 gold pieces.

Inventory:

Jewellery
 f - an amulet of regeneration (around neck)
Scrolls
 b - 3 scrolls of fear
 c - 3 scrolls of identify
 d - a scroll of teleportation {unknown}
 e - a scroll of brand weapon {unknown}
 g - a scroll of amnesia {unknown}


   Skills:
 * Level 1.5 Fighting
 + Level 2.0 Dodging
 * Level 2.1 Stealth
 + Level 3.2 Unarmed Combat
 + Level 2.3 Spellcasting
 * Level 2.9 Transmutations
 * Level 0.2 Poison Magic


You had 3 spell levels left.
You knew the following spells:

 Your Spells              Type           Power      Damage    Failure   Level
a - Beastly Appendage     Tmut           22%        N/A       5%          1
b - Spider Form           Tmut/Pois      7%         N/A       30%         3

Your spell library contained the following spells:

 Spells                   Type           Power      Damage    Failure   Level
 Wereblood                Tmut           11%        N/A       9%          2
 Portal Projectile        Hex/Tloc       2%         N/A       50%         3
 Tukima's Dance           Hex            1%         N/A       50%         3
 Ice Form                 Ice/Tmut       6%         N/A       71%         4
 Blade Hands              Tmut           5%         N/A       83%         5


Dungeon Overview and Level Annotations

Branches:
Dungeon (2/15)

Altars:
Hepliaklqana

Annotations:
D:2 Robin


Innate Abilities, Weirdness & Mutations

You are a tree.
Your roots penetrate the ground, keeping you stationary.
You cannot be teleported.
You are immune to unholy pain and torment.
Your maximum health is greatly increased.
Your life essence is reduced to manifest your ancestor. (-10% HP)
You cannot wear most types of armour.
((You are amphibious.))
You can wear up to eight rings at the same time.
((Your skin changes colour to match your surroundings (Stealth+).))
((Your rubbery body absorbs attacks. (AC +1, EV +1)))
((You are camouflaged when in or above water. (Stealth+)))
((You have tentacles for arms and can constrict up to eight enemies at once.))


Message History

The goblin unwields a +0 sling.
The goblin wields a +0 club.
The goblin hits you but does no damage. Robin hits you but does no damage.
You are lethally poisoned!
You continue putting on your amulet of regeneration.
* * * LOW HITPOINT WARNING * * *
You feel very sick. Robin hits you but does no damage.
The goblin hits you but does no damage.
You finish putting on your amulet of regeneration.
The amulet cannot attune itself to your injured body.
f - an amulet of regeneration (around neck)
You hit the goblin.
You kill the goblin!
* * * LOW HITPOINT WARNING * * *
You feel sick.
Robin says, "Duck!"
Robin hits you but does no damage.
Unknown command.
* * * LOW HITPOINT WARNING * * *
You feel sick. Robin hits you but does no damage.
* * * LOW HITPOINT WARNING * * *
You feel sick.
Robin hits you from afar with a +2 spear of venom.
* * * LOW HITPOINT WARNING * * *
Unknown command.
It was a potion of attraction.
You feel attractive to monsters.
* * * LOW HITPOINT WARNING * * *
You feel sick.
Robin says, "Feeling lonely?"
Robin roars a battlecry!
Robin is attracted toward you.
It was a potion of flight.
Your roots keep you in place.
* * * LOW HITPOINT WARNING * * *
You feel sick. Robin hits you but does no damage.
A goblin comes into view. It is wielding a +0 club.
You aren't carrying any potions.
As you read the scroll labelled KUOGOIL HUSM, it crumbles to dust.
It is a scroll of identify.
b - 3 scrolls of fear You die...

#.##........#
#.##........#
#.##........#
#.##........######.#
.>.......>..##g.g.g#
............##)#
............##.#
....##########g#####
....# #.g♣).#
....##############.#
.....)†..........R.#
....################
....# ....# ....#
#####


You could see Robin and a goblin (strong).

Vanquished Creatures
  Jessica (D:2)
  A dart slug (D:2)
  6 bats
  2 endoplasms (D:1)
  2 giant cockroaches
  A hobgoblin (D:1)
  A kobold (D:1)
  2 ball pythons (D:1)
  2 frilled lizards (D:1)
  8 goblins
  2 rats
28 creatures vanquished.

Vanquished Creatures (collateral kills)
  A bat (D:2)
1 creature vanquished.

Vanquished Creatures (others)
  An ancestor (D:2)
1 creature vanquished.

Grand Total: 30 creatures vanquished

Notes
Turn   | Place    | Note
-------+----------+-------------------------------------------
     0 | D:1      | Uniporpoise the Octopode Transmuter began the quest for the
                  | Orb.
     0 | D:1      | Reached XP level 1. HP: 13/13 MP: 3/3
   302 | D:1      | Reached XP level 2. HP: 18/18 MP: 3/5
   331 | D:1      | Found a faded altar of an unknown god.
   460 | D:1      | Reached skill level 1 in Stealth
  1363 | D:1      | Prayed at the altar of an unknown god.
  1363 | D:1      | Became a worshipper of Hepliaklqana the Forgotten
  1363 | D:1      | Reached * piety under Hepliaklqana
  1483 | D:2      | Noticed Jessica
  1496 | D:2      | Killed Jessica
  1497 | D:2      | Reached XP level 3. HP: 9/20 MP: 6/6
  1501 | D:2      | Learned a level 3 spell: Spider Form
  1956 | D:2      | Noticed Robin
  1972 | D:2      | Reached XP level 4. HP: 11/25 MP: 7/7
  1984 | D:2      | HP: 1/37 [poisoned by Robin]
  1985 | D:2      | Succumbed to Robin's poison

Illustrated notes

Levels and vault maps discovered:
D:1:      dpeg_arrival_circle_labyrinth_a, layout_basic,
          shapermc_ecumenical_altar_gd
D:2:      layout_basic, minmay_increasing_density, uniq_jessica, uniq_robin

Skill      XL: |  1  2 |
---------------+-------+-----
Stealth        | 2 |  2.1
Fighting       | |  1.5
Dodging        | |  2.0
Unarmed Combat | |  3.2
Spellcasting   | |  2.3
Transmutations | |  2.9
Poison Magic   | |  0.2

Action                   |  1- 3 |  4- 6 || total
-------------------------+-------+-------++-------
Melee: Unarmed           |    55 |     1 ||    56
       Constrict         |    12 |       ||    12
       Kick              |     8 |       ||     8
       Tentacles         |     8 |       ||     8
       Punch             |     2 |       ||     2
 Cast: Beastly Appendage |    26 |       ||    26
Invok: Ancestor Identity |     1 |       ||     1
  Use: Potion            |     1 |     2 ||     3
       Scroll            |       |     1 ||     1
 Stab: Sleeping          |     9 |       ||     9
Armor: Skin              |     6 |    14 ||    20
Dodge: Dodged            |    31 |     1 ||    32
